 Dungeon Crawl Stone Soup version 0.32-a0-43-g058985b245 (webtiles) character file.

Game seed: 16155477362288891139

107 Ofeo the Sneak (level 5, 0/28 HPs)
             Began as a Kobold Earth Elementalist on Feb 4, 2024.
             Slain by a scorpion (1 damage)
             ... on level 4 of the Dungeon.
             The game lasted 00:02:32 (4395 turns).

Ofeo the Sneak (Kobold Earth Elementalist)          Turns: 4395, Time: 00:02:33

Health: 0/28       AC:  4    Str:  6    XL:     5   Next: 10%
Magic:  0/9        EV: 15    Int: 16    God:
Gold:   138        SH:  0    Dex: 17    Spells: 3/10 levels left

rFire   . . .        f - +0 dagger
rCold   . . .        c - orb {*channel}
rNeg    . . .        a - +0 robe
rPois   .            d - +0 helmet
rElec   .            (no cloak)
rCorr   .            g - +0 pair of gloves
SInv    .            (no boots)
Will    .....        i - amulet of faith
Stlth   ++++         (no ring)
HPRegen 0.24/turn    (no ring)
MPRegen 0.11/turn

%: faith, channel magic (20%)
@: lethally poisoned (0 -> -11)
A: small, no large weapons, nightstalker 3
a: no special abilities


You were on level 4 of the Dungeon.
You visited 1 branch of the dungeon, and saw 4 of its levels.

You collected 138 gold pieces.

Inventory:

Hand Weapons
 f - a +0 dagger (weapon)
Armour
 a - a +0 robe (worn)
 c - an orb of energy (worn)
 d - a +0 helmet (worn)
 g - a +0 pair of gloves (worn)
Jewellery
 i - an amulet of faith (around neck)
Scrolls
 k - a scroll of enchant armour {unknown}
 l - a scroll of vulnerability
Potions
 b - a potion of magic
 e - a potion of cancellation {unknown}
 j - a potion of invisibility {unknown}
 m - a potion of haste {unknown}
 q - 2 potions of curing {@q1}


   Skills:
 - Level 3.3 Dodging
 - Level 3.8 Stealth
 + Level 3.0 Spellcasting
 - Level 2.0 Conjurations
 + Level 3.6 Earth Magic


You had 3 spell levels left.
You knew the following spells:

 Your Spells              Type           Power      Damage    Failure   Level
a - Sandblast             Erth           28%        2d8       13%         1
b - Passwall              Erth           14%        N/A       28%         3
c - Stone Arrow           Conj/Erth      22%        3d8       36%         3

Your spell library contained the following spells:

 Spells                   Type           Power      Damage    Failure   Level
 Magic Dart               Conj           32%        1d4       22%         1
 Kiss of Death            Conj/Necr      20%        2d7       28%         1
 Freeze                   Ice            8%         1d3       38%         1
 Necrotise                Necr           8%         1d4       38%         1
 Confusing Touch          Hex            2%         N/A       71%         3
 Brom's Barrelling Bould  Conj/Erth      11%        2d3       71%         4
 Petrify                  Alch/Erth      8%         N/A       83%         4
 Dispel Undead            Necr           2%         3d7       96%         4


Dungeon Overview and Level Annotations

Branches:
Dungeon (4/15)
 Temple: D:4-7

Altars:

Annotations:
D:2 1 runed translucent door, Crazy Yiuf


Innate Abilities, Weirdness & Mutations

You are small and have problems with some larger weapons.
You are completely attuned to the shadows.


Message History

You closely miss the scorpion.
The scorpion is severely wounded.
The scorpion completely misses you.
You hit the scorpion but do no damage.
The scorpion is severely wounded.
The scorpion closely misses you. The scorpion barely misses you.
Casting: Sandblast (safe; 13% risk of failure)
Confirm with . or Enter, or press ? or * to list all spells.
Aiming: Sandblast (safe; 13% risk of failure)
Press: ? - help, Shift-Dir - straight line, f/p - scorpion
Aim: a scorpion (severely wounded, 82% to hit)
The blast of sand misses the scorpion.
Magical energy flows into your mind! The scorpion misses you.
You aren't carrying any items that you can evoke.
Casting: Sandblast (safe; 13% risk of failure)
Confirm with . or Enter, or press ? or * to list all spells.
Aiming: Sandblast (safe; 13% risk of failure)
Press: ? - help, Shift-Dir - straight line, f/p - scorpion
Aim: a scorpion (severely wounded, 82% to hit)
The blast of sand hits the scorpion.
The scorpion is almost dead.
The scorpion stings you.
You are poisoned.
The scorpion poisons you! The scorpion stings you.
You take 7 damage, and have 9/28 hp.
MASSIVE DAMAGE!!
You now have 0/9 mp.
You barely miss the scorpion.
The scorpion is severely wounded.
* * * LOW HITPOINT WARNING * * *
You feel sick. The scorpion stings you.
* * * LOW HITPOINT WARNING * * *
You are more poisoned.
The scorpion poisons you!
You take 5 damage, and have 4/28 hp.
You hit the scorpion but do no damage.
The scorpion is severely wounded.
* * * LOW HITPOINT WARNING * * *
You feel very sick. The scorpion closely misses you. The scorpion stings you.
You die...

##. . #....#.. .#.
#....##.##..!
#.....#......
.....###.........
...#@##..........
#.s#...........
#..............
.......##..........#
.....##.####........#
.........###........#
...>......#........#
...###.....#.....#
... ####..###†.##


You could see a scorpion.

Vanquished Creatures
  4 adders
  3 ribbon worms (D:2)
  A dart slug (D:2)
  4 endoplasms
  A giant cockroach (D:1)
  9 goblins
  6 hobgoblins
  3 jackals (D:1)
  2 quokkas
  6 ball pythons
  4 bats
  3 frilled lizards
  7 kobolds
  6 rats (D:1)
59 creatures vanquished.

Notes
Turn   | Place    | Note
-------+----------+-------------------------------------------
     0 | D:1      | Ofeo the Kobold Earth Elementalist began the quest for the
                  | Orb.
     0 | D:1      | Reached XP level 1. HP: 10/10 MP: 3/3
   388 | D:1      | Reached XP level 2. HP: 15/15 MP: 3/5
  1027 | D:1      | Reached XP level 3. HP: 19/19 MP: 2/6
  2038 | D:2      | Reached XP level 4. HP: 24/24 MP: 5/7
  3038 | D:2      | Found a runed translucent door.
  3041 | D:2      | Noticed Crazy Yiuf
  3350 | D:3      | Got Starting Thaumaturgy
  4210 | D:3      | Reached XP level 5. HP: 28/28 MP: 7/9
  4258 | D:3      | Learned a level 3 spell: Passwall
  4262 | D:3      | Learned a level 3 spell: Stone Arrow
  4395 | D:4      | HP: 1/28 [poisoned by a scorpion]
  4395 | D:4      | Slain by a scorpion

Illustrated notes

Levels and vault maps discovered:
D:1:      tarquinn_simple_flora_water_e, layout_loops_corners
D:2:      layout_loops_ring, uniq_crazy_yiuf_cottage
D:3:      layout_basic
D:4:      layout_cave_pools, grunt_temple_overflow_holy_war, uniq_natasha,
          uniq_pikel

Skill      XL: |  1  2  3  4  5 |
---------------+----------------+-----
Stealth        | 3 |  3.8
Dodging        | 3 |  3.3
Conjurations   | 2 |  2.0
Spellcasting   | 3 |  3.0
Earth Magic    | |  3.6

Action                     |  1- 3 |  4- 6 || total
---------------------------+-------+-------++-------
  Melee: Unarmed           |     6 |       ||     6
         Dagger            |       |    16 ||    16
         Punch             |       |     1 ||     1
   Cast: Sandblast         |    54 |    47 ||   101
    Use: Scroll            |       |     2 ||     2
         Potion            |       |     1 ||     1
 Armour: Robe              |     7 |    11 ||    18
  Dodge: Dodged            |    21 |    19 ||    40

Table legend: (Time is in decaauts)
 A = Elapsed time spent in this place.
 B = Non-inter-level travel time spent in this place.
 C = Inter-level travel time spent in this place.
 D = Time resting spent in this place.
 E = Time spent auto-exploring this place.
 F = Levels seen in this place.
 G = Mean time per level.
                   A        B        C        D        E       F      G
               +--------+--------+--------+--------+--------+-----+--------+
         Total |   4444 |   4221 |    223 |     84 |   3819 |   4 | 1111.0 |
       Dungeon |   4444 |   4221 |    223 |     84 |   3819 |   4 | 1111.0 |
               +--------+--------+--------+--------+--------+-----+--------+

Top non-repeatable levels by time:
     D:1: 1859 daAuts
     D:2: 1354 daAuts
     D:3: 1133 daAuts
     D:4: 97 daAuts
